Map: 10000 Feet LE

Players

CodyB - Winner!

  • Race: Zerg Zerg
  • League: Silver
  • Spawn Location: 11:00

VOD

Have the link to the VOD?

Description

8 Pool

Time

  • Played on: June 22, 2026, 9:20 p.m.
  • Length: 4:38
Show
View Real Time Build Order
Export as new Build Order

CodyB Zerg - Winner!

Build Orders:  

Get SALT Encoding   

  8  0:32  Spawning Pool  
  7  0:42  Drone  
  8  0:53  Drone  
  9  1:12  Overlord  
  9  1:21  Drone  
  10  1:39  Zergling x2  
  11  1:40  Zergling x2  
  11  1:44  Zergling x2  
  13  1:53  Zergling x2  
  14  2:07  Zergling x2  
  15  2:20  Zergling x2  
  16  2:34  Zergling x2  
  17  2:47  Zergling x2  
  18  3:01  Zergling x2  
  15  3:20  Zergling x2  
  16  3:32  Extractor  
  16  3:33  Zergling x2  
  16  3:42  Zergling x2  
  16  3:44  Queen  
  19  3:57  Zergling x2  
  19  4:13  Overlord  
Tags
 
League
Silver
Matchup
Co-op
Add a new tag
Caveats
  • Supply blocks, unpowered buildings, or Contaminate may cause inaccurate times.
  • Supply counts are checked every 10 seconds.